SL
D.C. DIVIDED @ GRAFTON MIDDIES
07/09/2029
 
TOP OF THE 1ST
D.C. Divided batting - Pitching for Grafton Middies : LHP Luis Torres
Pitching: LHP Luis Torres
Batting: RHB Roberto Maestas 0-0: Foul Ball, location: 2F
0-1: Called Strike
0-2: Ball
1-2: SINGLE (Groundball, 56D)
Batting: RHB Arturo Rodríguez 0-0: Ball
1-0: Ball
2-0: Ball
3-0: Called Strike
3-1: Foul Ball, location: 2F
3-2: Foul Ball, location: 2F
3-2: Base on Balls
Roberto Maestas to second
Batting: LHB Neil Lawson 0-0: Called Strike
0-1: Ball
1-1: Foul Ball, location: 2F
1-2: Ball
2-2: Foul Ball, location: 2F
2-2: Strikes out swinging
Batting: RHB Wilfred McLaughlin 0-0: Called Strike
Roberto Maestas steals 3rd base
0-1: Fielders Choice at 2nd, 4-6 (Groundball, 34)
Roberto Maestas scores
Batting: LHB Obidiah Lewis 0-0: Called Strike
0-1: Called Strike
0-2: Ball
1-2: Strikes out swinging
Top of the 1st over - 1 run, 1 hit, 0 errors, 1 left on base; D.C. 1 - Grafton 0
BOTTOM OF THE 1ST
Grafton Middies batting - Pitching for D.C. Divided : RHP Germán Rodríguez
Pitching: RHP Germán Rodríguez
Batting: RHB Pedro Santos 0-0: Foul Ball, location: 2F
0-1: Foul Ball, location: 2F
0-2: Fly out, F6 (Popup, 6)
Batting: RHB Carlos Maldonado 0-0: Ball
1-0: Called Strike
1-1: Ball
2-1: Ball
3-1: Fly out, F6 (Popup, 6M)
Batting: LHB Mario Ramos 0-0: Ball
1-0: Called Strike
1-1: Ball
2-1: Ball
3-1: Swinging Strike
3-2: Base on Balls
Batting: LHB Jorge Flores 0-0: Foul Ball, location: 2F
0-1: Ball
1-1: Ground out 1-3 (Groundball, P)
Bottom of the 1st over - 0 runs, 0 hits, 0 errors, 1 left on base; D.C. 1 - Grafton 0
TOP OF THE 2ND
D.C. Divided batting - Pitching for Grafton Middies : LHP Luis Torres
Batting: RHB Mario Castillo 0-0: Ball
1-0: Fly out, F5 (Line Drive, 56)
Batting: RHB Julián Salcido 0-0: Called Strike
0-1: Ball
1-1: Ball
2-1: Ball
3-1: Ground out U3 (Groundball, 34)
Batting: RHB Nick Boyd 0-0: Ball
1-0: Called Strike
1-1: Foul Ball, location: 2F
1-2: Fly out, F9 (Flyball, 9S)
Top of the 2nd over - 0 runs, 0 hits, 0 errors, 0 left on base; D.C. 1 - Grafton 0
BOTTOM OF THE 2ND
Grafton Middies batting - Pitching for D.C. Divided : RHP Germán Rodríguez
Batting: RHB Stefano Gaddi 0-0: Fly out, F7 (Flyball, 7S)
Batting: RHB Cristo González 0-0: Fly out, F7 (Flyball, 7LM)
Batting: RHB Dave Ash 0-0: Ball
1-0: Swinging Strike
1-1: Ball
2-1: Ground out 6-3 (Groundball, 56)
Bottom of the 2nd over - 0 runs, 0 hits, 0 errors, 0 left on base; D.C. 1 - Grafton 0
TOP OF THE 3RD
D.C. Divided batting - Pitching for Grafton Middies : LHP Luis Torres
Batting: LHB Sal Bradshaw 0-0: SINGLE (Groundball, 4MD)
Batting: RHB Roberto Maestas 0-0: Ball
1-0: Foul Ball, location: 2F
1-1: Ball
2-1: Ball
3-1: Fly out, F8 (Line Drive, 8LM)
Batting: RHB Arturo Rodríguez 0-0: Ball
1-0: Ball
2-0: Foul Ball, location: 2F
2-1: Fly out, F8 (Flyball, 8LD)
Batting: LHB Neil Lawson 0-0: Called Strike
0-1: Called Strike
0-2: Ball
1-2: Ball
Sal Bradshaw steals 2nd base
2-2: Ball
3-2: Reached on error, E3 (Groundball, 3)
Sal Bradshaw to third
Batting: RHB Wilfred McLaughlin 0-0: Ball
1-0: Foul Ball, location: 2F
1-1: Foul Ball, location: 2F
1-2: Ball
2-2: SINGLE (Groundball, 4MD)
Sal Bradshaw scores
Neil Lawson to second
Runner from 2nd tries for 3rd, SAFE, no throw
Batting: LHB Obidiah Lewis 0-0: Foul Ball, location: 2F
0-1: Ball
1-1: Foul Ball, location: 2F
1-2: Ball
2-2: Foul Ball, location: 2F
2-2: Ball
3-2: SINGLE (Groundball, 3L) (infield hit)
Neil Lawson scores
Wilfred McLaughlin to second
Batting: RHB Mario Castillo 0-0: Foul Ball, location: 2F
0-1: Foul Ball, location: 2F
0-2: Ball
1-2: Foul Ball, location: 2F
1-2: Ball
2-2: Single, Error in OF, E8, batter to second base
Wilfred McLaughlin scores
Obidiah Lewis to third
Batting: RHB Julián Salcido 0-0: DOUBLE (Line Drive, 78D)
Obidiah Lewis scores
Mario Castillo scores
Batting: RHB Nick Boyd 0-0: Swinging Strike
0-1: SINGLE (Groundball, 56D)
Julián Salcido to third
Runner from 3rd tries for Home, SAFE, throw made home
Batting: LHB Sal Bradshaw 0-0: Called Strike
0-1: Ball
1-1: Foul Ball, location: 2F
1-2: Strikes out swinging
Top of the 3rd over - 6 runs, 6 hits, 2 errors, 1 left on base; D.C. 7 - Grafton 0
BOTTOM OF THE 3RD
Grafton Middies batting - Pitching for D.C. Divided : RHP Germán Rodríguez
Batting: LHB John Meléndez 0-0: Called Strike
0-1: Called Strike
0-2: SINGLE (Line Drive, 7S)
Batting: LHB Phil MacNamara 0-0: Called Strike
0-1: Foul Ball, location: 2F
0-2: Ball
1-2: Strikes out swinging
Batting: RHB Pedro Santos 0-0: Foul Ball, location: 2F
0-1: Foul Ball, location: 2F
0-2: Ball
1-2: Strikes out swinging
Batting: RHB Carlos Maldonado 0-0: Called Strike
0-1: SINGLE (Line Drive, 7S)
John Meléndez to second
Batting: LHB Mario Ramos 0-0: Foul Ball, location: 2F
0-1: Ball
1-1: Ball
2-1: Ball
3-1: Swinging Strike
3-2: Base on Balls
John Meléndez to third
Carlos Maldonado to second
Batting: LHB Jorge Flores 0-0: Called Strike
0-1: Ball
1-1: Called Strike
1-2: Strikes out looking
Bottom of the 3rd over - 0 runs, 2 hits, 0 errors, 3 left on base; D.C. 7 - Grafton 0
TOP OF THE 4TH
D.C. Divided batting - Pitching for Grafton Middies : LHP Luis Torres
Batting: RHB Roberto Maestas 0-0: Ball
1-0: Foul Ball, location: 2F
1-1: DOUBLE (Groundball, 3L)
Batting: RHB Arturo Rodríguez 0-0: Called Strike
0-1: Ball
1-1: Ball
2-1: Foul Ball, location: 2F
2-2: Fly out, F8 (Flyball, 8RXD)
Runner from 2nd tags up, SAFE at 3rd, no throw
Batting: LHB Neil Lawson 0-0: Called Strike
0-1: Foul Ball, location: 2F
0-2: Ball
1-2: Ground out 6-3 (Groundball, 6M)
Roberto Maestas scores
Batting: RHB Wilfred McLaughlin 0-0: Ball
1-0: Ground out 6-3 (Groundball, 6)
Top of the 4th over - 1 run, 1 hit, 0 errors, 0 left on base; D.C. 8 - Grafton 0
BOTTOM OF THE 4TH
Grafton Middies batting - Pitching for D.C. Divided : RHP Germán Rodríguez
Batting: RHB Stefano Gaddi 0-0: DOUBLE (Line Drive, 7LM)
Batting: RHB Cristo González 0-0: Ground out 6-3 (Groundball, 6)
Batting: RHB Dave Ash 0-0: SINGLE (Groundball, 3L) (infield hit)
Stefano Gaddi to third
Batting: LHB John Meléndez 0-0: Ball
1-0: Called Strike
1-1: Foul Ball, location: 2F
1-2: Ball
2-2: Foul Ball, location: 2F
2-2: Ball
3-2: Grounds into double play, 4-6-3 (Groundball, 4)
Bottom of the 4th over - 0 runs, 2 hits, 0 errors, 1 left on base; D.C. 8 - Grafton 0
TOP OF THE 5TH
D.C. Divided batting - Pitching for Grafton Middies : LHP Luis Torres
Batting: LHB Obidiah Lewis 0-0: Ground out 4-3 (Groundball, 4)
Batting: RHB Mario Castillo 0-0: Ball
1-0: Foul Ball, location: 2F
1-1: Fly out, F9 (Line Drive, 89D)
Batting: RHB Julián Salcido 0-0: Called Strike
0-1: Ball
1-1: Ball
2-1: Ball
3-1: Base on Balls
Batting: RHB Nick Boyd 0-0: Ball
1-0: Called Strike
1-1: Swinging Strike
1-2: Ground out 4-3 (Groundball, 4)
Top of the 5th over - 0 runs, 0 hits, 0 errors, 1 left on base; D.C. 8 - Grafton 0
BOTTOM OF THE 5TH
Grafton Middies batting - Pitching for D.C. Divided : RHP Germán Rodríguez
Batting: LHB Phil MacNamara 0-0: Ball
1-0: Ball
2-0: Called Strike
2-1: Ball
3-1: Foul Ball, location: 2F
3-2: Fly out, F7 (Flyball, 78D)
Batting: RHB Pedro Santos 0-0: Called Strike
0-1: Ball
1-1: TRIPLE (Flyball, 8LXD)
Batting: RHB Carlos Maldonado 0-0: Called Strike
0-1: Foul Ball, location: 2F
0-2: Strikes out looking
Batting: LHB Mario Ramos 0-0: Called Strike
0-1: Ball
1-1: Called Strike
1-2: Strikes out swinging
Bottom of the 5th over - 0 runs, 1 hit, 0 errors, 1 left on base; D.C. 8 - Grafton 0
TOP OF THE 6TH
D.C. Divided batting - Pitching for Grafton Middies : LHP Luis Torres
Batting: LHB Sal Bradshaw 0-0: Called Strike
0-1: Foul Ball, location: 2F
0-2: Ball
1-2: Ball
2-2: Foul Ball, location: 2F
2-2: Ball
3-2: Foul Ball, location: 2F
3-2: Strikes out swinging
Batting: RHB Roberto Maestas 0-0: Ground out 4-3 (Groundball, 4)
Batting: RHB Arturo Rodríguez 0-0: Ball
1-0: Ball
2-0: Foul Ball, location: 2F
2-1: Ball
3-1: Base on Balls
Batting: LHB Neil Lawson 0-0: Swinging Strike
0-1: Ball
1-1: Called Strike
1-2: Strikes out swinging
Top of the 6th over - 0 runs, 0 hits, 0 errors, 1 left on base; D.C. 8 - Grafton 0
BOTTOM OF THE 6TH
Grafton Middies batting - Pitching for D.C. Divided : RHP Germán Rodríguez
Batting: LHB Jorge Flores 0-0: Fly out, F6 (Line Drive, 6)
Batting: RHB Stefano Gaddi 0-0: Swinging Strike
0-1: Ball
1-1: Called Strike
1-2: Strikes out swinging
Batting: RHB Cristo González 0-0: Ball
1-0: Ball
2-0: Foul Ball, location: 2F
2-1: SINGLE (Line Drive, 8LS)
Batting: RHB Dave Ash 0-0: Ball
1-0: Ball
2-0: Swinging Strike
2-1: Foul Ball, location: 2F
2-2: Strikes out swinging
Bottom of the 6th over - 0 runs, 1 hit, 0 errors, 1 left on base; D.C. 8 - Grafton 0
TOP OF THE 7TH
D.C. Divided batting - Pitching for Grafton Middies : LHP Luis Torres
Batting: RHB Wilfred McLaughlin 0-0: Called Strike
0-1: Ball
1-1: Ground out 6-3 (Groundball, 6)
Batting: LHB Obidiah Lewis 0-0: SOLO HOME RUN (Flyball, 9LD), Distance : 460 ft
Pitching: RHP Craig Whitney
Batting: RHB Mario Castillo 0-0: Ball
1-0: Called Strike
1-1: Ground out 5-3 (Groundball, 56)
Batting: RHB Julián Salcido 0-0: Ball
1-0: Fly out, F9 (Flyball, 9S)
Top of the 7th over - 1 run, 1 hit, 0 errors, 0 left on base; D.C. 9 - Grafton 0
BOTTOM OF THE 7TH
Grafton Middies batting - Pitching for D.C. Divided : RHP Germán Rodríguez
Batting: LHB John Meléndez 0-0: Called Strike
0-1: Ball
1-1: Ground out 4-3 (Groundball, 4)
Batting: LHB Phil MacNamara 0-0: Ball
1-0: Ball
2-0: Swinging Strike
2-1: Foul Ball, location: 2F
2-2: Foul Ball, location: 2F
2-2: Strikes out swinging, 2-3 out at first.
Batting: RHB Pedro Santos 0-0: Ball
1-0: Foul Ball, location: 2F
1-1: Ball
2-1: Called Strike
2-2: Ground out 6-3 (Groundball, 6)
Bottom of the 7th over - 0 runs, 0 hits, 0 errors, 0 left on base; D.C. 9 - Grafton 0
TOP OF THE 8TH
D.C. Divided batting - Pitching for Grafton Middies : RHP Craig Whitney
Batting: RHB Nick Boyd 0-0: Swinging Strike
0-1: Foul Ball, location: 2F
0-2: Strikes out swinging
Batting: LHB Sal Bradshaw 0-0: Foul Ball, location: 2F
0-1: Ball
1-1: Foul Ball, location: 2F
1-2: Ball
2-2: Strikes out swinging
Batting: RHB Roberto Maestas 0-0: Ball
1-0: Ball
2-0: Called Strike
2-1: Ball
3-1: Fly out, F9 (Line Drive, 9)
Top of the 8th over - 0 runs, 0 hits, 0 errors, 0 left on base; D.C. 9 - Grafton 0
BOTTOM OF THE 8TH
Grafton Middies batting - Pitching for D.C. Divided : RHP Germán Rodríguez
Batting: RHB Carlos Maldonado 0-0: Ball
1-0: Swinging Strike
1-1: Ground out 6-3 (Groundball, 6)
Batting: LHB Mario Ramos 0-0: Ball
1-0: Fly out, F6 (Line Drive, 6M)
Batting: LHB Jorge Flores 0-0: Ball
1-0: Foul Ball, location: 2F
1-1: Foul Ball, location: 2F
1-2: SINGLE (Line Drive, 8LS)
Batting: RHB Stefano Gaddi 0-0: Ball
1-0: Ball
2-0: Ball
3-0: Called Strike
3-1: Base on Balls
Jorge Flores to second
Batting: RHB Cristo González 0-0: Called Strike
0-1: Fly out, F8 (Flyball, 8RD)
Bottom of the 8th over - 0 runs, 1 hit, 0 errors, 2 left on base; D.C. 9 - Grafton 0
TOP OF THE 9TH
D.C. Divided batting - Pitching for Grafton Middies : RHP Craig Whitney
Pitching: RHP Lynwood Matos
Batting: RHB Arturo Rodríguez 0-0: Foul Ball, location: 2F
0-1: Called Strike
0-2: Ball
1-2: DOUBLE (Line Drive, 78D)
Batting: LHB Neil Lawson 0-0: Ball
1-0: Ground out 6-3 (Groundball, 6)
Arturo Rodríguez to third
Batting: RHB Wilfred McLaughlin 0-0: SINGLE (Line Drive, 8RS)
Arturo Rodríguez scores
Batting: LHB Obidiah Lewis 0-0: Ball
1-0: Ball
2-0: SINGLE (Groundball, 56D)
Wilfred McLaughlin to second
Batting: RHB Mario Castillo 0-0: Ball
1-0: Ball
2-0: Called Strike
2-1: Foul Ball, location: 2F
2-2: Strikes out looking
Batting: RHB Julián Salcido 0-0: Ball
1-0: Foul Ball, location: 2F
1-1: Foul Ball, location: 2F
1-2: Strikes out swinging
Top of the 9th over - 1 run, 3 hits, 0 errors, 2 left on base; D.C. 10 - Grafton 0
BOTTOM OF THE 9TH
Grafton Middies batting - Pitching for D.C. Divided : RHP Germán Rodríguez
Pitching: RHP Ángel Ruíz
Batting: RHB Dave Ash 0-0: Ball
1-0: Ground out 6-3 (Groundball, 6)
Batting: LHB John Meléndez 0-0: Ball
1-0: Fly out, F8 (Flyball, 8RM)
Batting: LHB Phil MacNamara 0-0: Foul Ball, location: 2F
0-1: Called Strike
0-2: SINGLE (Flyball, 7LS)
Batting: RHB Pedro Santos 0-0: Ball
1-0: Foul Ball, location: 2F
1-1: Ball
2-1: Foul Ball, location: 2F
2-2: Strikes out swinging
Bottom of the 9th over - 0 runs, 1 hit, 0 errors, 1 left on base; D.C. 10 - Grafton 0
Tuesday, December 19th, 2017 - OOTP Baseball 18.8 Build 76